 Dungeon Crawl Stone Soup version 0.28-b1-25-g9875b3fc8c (webtiles) character file.

Game seed: 9341990306877359642

184 Ajdolov the Chopper (level 5, 0/45 HPs)
             Began as a Hill Orc Fighter on Feb 7, 2022.
             Killed by divine providence
             ... invoked by an orc priest
              (13 damage)
             ... on level 4 of the Dungeon.
             The game lasted 00:03:01 (2786 turns).

Ajdolov the Chopper (Hill Orc Fighter)              Turns: 2786, Time: 00:03:01

Health: 0/45       AC:  8    Str: 27    XL:     5   Next: 63%
Magic:  5/5        EV:  9    Int:  8    God:
Gold:   152        SH:  4    Dex: 10    Spells: 4/4 levels left

rFire   . . .      SeeInvis .   a - +0 war axe
rCold   + . .      Faith    .   c - +0 buckler
rNeg    . . .      Spirit   .   b - +0 scale mail
rPois   .          Reflect  .   (no helmet)
rElec   .          Harm     .   (no cloak)
rCorr   .          Rampage  .   m - +0 pair of gloves
Will    .....                   (no boots)
Stlth   ..........              (no amulet)
HPRegen 0.15/turn               h - ring of protection from cold
MPRegen 0.09/turn               n - +6 ring of strength

@: no status effects
A: no striking features
a: Convert to Beogh


You were on level 4 of the Dungeon.
You visited 1 branch of the dungeon, and saw 4 of its levels.

You collected 152 gold pieces.

Inventory:

Hand Weapons
 a - a +0 war axe (weapon)
Armour
 b - a +0 scale mail (worn)
 c - a +0 buckler (worn)
 j - a +0 kite shield
 m - a +0 pair of gloves (worn)
Jewellery
 h - a ring of protection from cold (left hand)
 n - a +6 ring of strength (right hand)
 q - an amulet of faith
Wands
 t - a wand of iceblast (3)
Scrolls
 e - a scroll of blinking {unknown}
 g - 2 scrolls of immolation {unknown}
 l - a scroll of noise {unknown}
 p - a scroll of enchant weapon {unknown}
 r - a scroll of fear {unknown}
 u - 2 scrolls of identify {unknown}
 v - a scroll of amnesia {unknown}
Potions
 d - a potion of might
 f - 2 potions of curing {unknown}
 i - 2 potions of attraction {unknown}
 k - a potion of degeneration {unknown}
 o - a potion of mutation {unknown}
 s - a potion of berserk rage {unknown}


   Skills:
 - Level 3.6 Fighting
 + Level 7.5 Axes
 - Level 3.2 Armour
 - Level 3.2 Shields


You had 4 spell levels left.
You didn't know any spells.
Your spell library was empty.

Dungeon Overview and Level Annotations

Branches:
Dungeon (4/15)
 Temple: D:4-7

Altars:
The Shining One

Annotations:
D:3 2 transporters, Akransas's ghost, amateur MfWz


Message History

You hear a shout!
You slash the water moccasin!
You kill the water moccasin!
Your Axes skill increases to level 7!
You have reached level 5!
You feel stronger.
Found an escape hatch in the floor.
You see here a water moccasin corpse.
Found a stone staircase leading down.
v - a scroll labelled MUYM FUUBIRGH An orc comes into view.
It is wielding a +0 club.
The orc shouts!
An orc comes into view. It is wielding a +0 short sword.
The orc shouts!
You hear a shout!
You hit the orc.
The orc is heavily wounded.
You block the orc's attack.
An orc comes into view. It is wielding a +0 whip.
You slash the orc!
You kill the orc!
The orc hits you but does no damage.
You see here a +0 club.
You closely miss the orc. The orc hits you with a +0 short sword.
You barely miss the orc.
An orc priest comes into view. It is wielding a +0 whip.
The orc closely misses you.
The orc priest shouts!
The orc priest threatens, "By the altar or by the axe, you will meet Beogh!" (press Y on the ability menu to convert to Beogh)
You hit the orc.
The orc is heavily wounded.
You barely miss the orc.
The orc priest calls down the wrath of Beogh upon you.
Beogh smites you! The orc hits you but does no damage.
The orc priest mumbles some strange prayers to Beogh against you.
Beogh smites you!
* * * LOW HITPOINT WARNING * * *
The orc priest mumbles some strange prayers to Beogh against you.
Beogh smites you!
You die...

#...##.....#####..
#..........##...#
#..............#
##........>.....## #
####.......#####....#
###.######........###
##....
#...............###
##...
...............##
##.. ....#####....@##
#.. . ####......##
##. ........†...# ##.
..........o.## ##..
#..#######...o#
###... ## ##...#
#####....<
#...####.......###
#>..o...>.#####
#...##...###


You could see an orc priest and 2 orcs.

Vanquished Creatures
  A water moccasin (D:4)
  2 adders
  A dart slug (D:2)
  3 orcs
  5 endoplasms
  3 giant cockroaches
  6 goblins
  7 hobgoblins
  8 kobolds
  3 quokkas
  8 ball pythons
  4 bats
  2 frilled lizards
  5 rats
58 creatures vanquished.

Notes
Turn   | Place    | Note
-------+----------+-------------------------------------------
     0 | D:1      | Ajdolov the Hill Orc Fighter began the quest for the Orb.
     0 | D:1      | Reached XP level 1. HP: 19/19 MP: 1/1
   132 | D:1      | Reached skill level 3 in Axes
   352 | D:1      | Reached XP level 2. HP: 26/26 MP: 2/2
   519 | D:1      | Reached skill level 4 in Axes
  1074 | D:2      | Reached XP level 3. HP: 31/31 MP: 3/3
  1100 | D:2      | Reached skill level 5 in Axes
  1388 | D:2      | Found a faded altar of an unknown god.
  1672 | D:2      | Found a glowing golden altar of the Shining One.
  2242 | D:3      | Reached XP level 4. HP: 39/39 MP: 4/4
  2432 | D:3      | Found a transporter.
  2434 | D:3      | Noticed Akransas's ghost (amateur MfWz)
  2436 | D:3      | Found a transporter.
  2491 | D:3      | Reached skill level 6 in Axes
  2752 | D:4      | Noticed a water moccasin
  2756 | D:4      | Killed a water moccasin
  2757 | D:4      | Reached skill level 7 in Axes
  2757 | D:4      | Reached XP level 5. HP: 45/45 MP: 5/5
  2786 | D:4      | Killed from afar by an orc priest

Illustrated notes

Levels and vault maps discovered:
D:1:      minmay_arrival_loop, layout_basic
D:2:      layout_basic, ebering_ecumenical_altar_ruins, basic_altar,
          minmay_randomly_rotated_circles
D:3:      layout_basic, serial_rivers, chequers_serial_rivers_room_a,
          chequers_serial_rivers_marsh, chequers_serial_rivers_room_a,
          chequers_serial_rivers_small_b, gammafunk_ghost_arena,
          minmay_misc_feat_square, nrook_uturn
D:4:      layout_layer_cave, kennysheep_little_box,
          minmay_temple_entry_drinking_statues

Skill      XL: |  1  2  3  4 |
---------------+-------------+-----
Axes           | 3 4 5 7 |  7.5
Fighting       | |  3.6
Armour         | |  3.2
Shields        | |  3.2

Action                   |  1- 3 |  4- 6 || total
-------------------------+-------+-------++-------
Melee: War axe           |   104 |    36 ||   140
Evoke: Wand              |       |     2 ||     2
Armor: Scale mail        |    34 |    18 ||    52
Dodge: Dodged            |    51 |    23 ||    74
Block: Buckler           |    31 |    11 ||    42
